 Dungeon Crawl Stone Soup version 0.29-a0-41-g89e12c0570 (webtiles) character file.

Game seed: 5039018220278250424

96 Destapler the Magician (level 4, 0/25 HPs)
             Began as a Deep Elf Hedge Wizard on Feb 2, 2022.
             Was a Plaything of Xom.
             Slain by a gnoll (3 damage)
             ... on level 2 of the Dungeon.
             The game lasted 00:05:38 (3044 turns).

Destapler the Magician (Deep Elf Hedge Wizard)      Turns: 3044, Time: 00:05:38

Health: 0/25       AC:  2    Str:  7    XL:     4   Next: 41%
Magic:  12/21      EV: 13    Int: 21    God:    Xom [......]
Gold:   83         SH:  0    Dex: 14    Spells: 3/12 levels left

rFire   . . .      SeeInvis .   a - +0 dagger (venom)
rCold   . . .      Faith    .   (no shield)
rNeg    . . .      Spirit   .   b - +0 robe
rPois   .          Reflect  .   c - +0 hat
rElec   .          Harm     .   (no cloak)
rCorr   .          Rampage  .   (no gloves)
Will    .....                   (no boots)
Stlth   ++........              d - amulet of the acrobat
HPRegen 0.08/turn               g - ring of magical power
MPRegen 0.17/turn               (no ring)

@: very slightly contaminated
A: no striking features
a: Renounce Religion


You were on level 2 of the Dungeon.
You worshipped Xom.
You were a very special plaything of Xom.
You visited 1 branch of the dungeon, and saw 2 of its levels.

You collected 83 gold pieces.

Inventory:

Hand Weapons
 a - a +0 dagger of venom (weapon)
Armour
 b - a +0 robe (worn)
 c - a +0 hat (worn)
Jewellery
 d - an amulet of the acrobat (around neck)
 g - a ring of magical power (left hand)
Scrolls
 e - 5 scrolls of identify {unknown}
 h - a scroll of noise {unknown}
Potions
 f - a potion of brilliance {unknown}
 i - a potion of flight {unknown}
 j - 2 potions of degeneration {unknown}


   Skills:
 * Level 1.2 Fighting
 + Level 1.0 Short Blades
 + Level 2.9 Dodging
 + Level 2.8 Stealth
 + Level 4.6 Spellcasting
 + Level 1.7 Conjurations
 + Level 1.3 Summonings
 * Level 2.2 Translocations
 + Level 0.8 Air Magic
 + Level 0.8 Poison Magic


You had 3 spell levels left.
You knew the following spells:

 Your Spells              Type           Power      Damage    Failure   Level
a - Magic Dart            Conj           48%        1d5       5%          1
c - Mephitic Cloud        Conj/Pois/Air  9%         N/A       22%         3
i - Call Imp              Summ           10%        N/A       10%         2
s - Slow                  Hex            16%        N/A       12%         1
B - Blink                 Tloc           28%        N/A       7%          2

Your spell library contained the following spells:

 Spells                   Type           Power      Damage    Failure   Level
 Conjure Flame            Conj/Fire      8%         6-21      24%         3


Dungeon Overview and Level Annotations

Branches:
Dungeon (2/15)

Altars:
Wu Jian
Xom


Message History

The gnoll barely misses you.
You miscast Magic Dart.
You are very lightly contaminated with residual magic.
Nothing appears to happen.
The gnoll barely misses you.
The magic dart hits the gnoll but does no damage.
The gnoll is almost dead.
The gnoll hits you from afar with a +0 spear!
* * * LOW HITPOINT WARNING * * *
You are too injured to fight recklessly!
You are too injured to fight recklessly!
You are too injured to fight recklessly!
You are too injured to fight recklessly!
Unknown command.
You are too injured to fight recklessly!
Unknown command.
You are too injured to fight recklessly!
Unknown command.
You are too injured to fight recklessly!
Unknown command.
Aiming: Magic Dart (safe; 5% risk of failure)
Press: ? - help, Q - select action, (/) - cycle Shift-Dir - straight line, f/p - gnoll
Aim: a gnoll, wielding a +0 spear (magical condensation, almost dead, 100% to hit)
The magic dart hits the gnoll.
You kill the gnoll!
Your Short Blades skill increases to level 1!
Unknown command.
Aiming: Magic Dart (safe; 5% risk of failure)
Press: ? - help, Q - select action, (/) - cycle Shift-Dir - straight line, f - gnoll
Aim: a gnoll, wielding a +0 club (magical condensation, 100% to hit)
The magic dart hits the gnoll.
The gnoll is moderately wounded.
Unknown command.
Aiming: Magic Dart (safe; 5% risk of failure)
Press: ? - help, Q - select action, (/) - cycle Shift-Dir - straight line, f/p - gnoll
Aim: a gnoll, wielding a +0 club (magical condensation, moderately wounded, 100% to hit)
The magic dart hits the gnoll.
The gnoll is moderately wounded.
The gnoll hits you with a +0 club.
You die... "What!?
That's it?"

#.#.......#
#.#
#.#########
#.# #.# #.#
#.# #.# #.#
#.# #.# .
#.### #§#
... #....
#§##.....
#..##
#@g§.....
#..#
####§....
#..# ....
#..#
###.####g.#
#......g#
#.####.##
#.# #.# #.#


You could see a gnoll.

Vanquished Creatures
  2 gnolls (D:2)
  3 adders (D:2)
  A worm (D:2)
  A dart slug (D:2)
  3 ball pythons
  6 endoplasms
  A giant cockroach (D:1)
  6 goblins
  2 hobgoblins
  3 jackals (D:1)
  2 quokkas
  2 bats
  A frilled lizard (D:1)
  6 kobolds
  A rat (D:1)
40 creatures vanquished.

Notes
Turn   | Place    | Note
-------+----------+-------------------------------------------
     0 | D:1      | Destapler the Deep Elf Hedge Wizard began the quest for the
                  | Orb.
     0 | D:1      | Reached XP level 1. HP: 10/10 MP: 7/7
   426 | D:1      | Reached XP level 2. HP: 15/15 MP: 7/9
   830 | D:1      | Learned a level 2 spell: Call Imp
   832 | D:1      | Learned a level 1 spell: Slow
   835 | D:1      | Learned a level 2 spell: Blink
  1203 | D:2      | Reached XP level 3. HP: 16/20 MP: 3/10
  1290 | D:2      | Learned a level 3 spell: Mephitic Cloud
  1295 | D:2      | Found a faded altar of an unknown god.
  1304 | D:2      | Prayed at the altar of an unknown god.
  1304 | D:2      | Became a worshipper of Xom of Enforced Whimsey
  1531 | D:2      | Found an ornate altar of the Wu Jian Council.
  1541 | D:2      | XOM: silly message
  1575 | D:2      | Reached skill level 1 in Fighting
  1876 | D:2      | XOM: cast spell 'Cause Fear'
  2152 | D:2      | XOM is BORED!
  2257 | D:2      | XOM: silly message
  2303 | D:2      | Reached XP level 4. HP: 12/25 MP: 4/12
  2738 | D:2      | XOM: chaos cloud
  3036 | D:2      | XOM: smoke on damage
  3043 | D:2      | Reached skill level 1 in Short Blades
  3044 | D:2      | Slain by a gnoll

Illustrated notes

Levels and vault maps discovered:
D:1:      minmay_arrival_open_corners, layout_loops_cross, chequers_avenue
D:2:      layout_basic, basic_altar, hellmonk_ecumenical_altar_lost_god,
          hangedman_decor_riveting, grunt_ministairs_2

Skill      XL: |  1  2  3  4 |
---------------+-------------+-----
Fighting       | 1 |  1.2
Translocations | 2 |  2.2
Short Blades   | 1 |  1.0
Dodging        | |  2.9
Stealth        | |  2.8
Spellcasting   | |  4.6
Conjurations   | |  1.7
Summonings     | |  1.3
Air Magic      | |  0.8
Poison Magic   | |  0.8

Action                   |  1- 3 |  4- 6 || total
-------------------------+-------+-------++-------
Melee: Dagger            |    35 |     5 ||    40
 Cast: Magic Dart        |    84 |    19 ||   103
       Mephitic Cloud    |     1 |       ||     1
  Use: Scroll            |       |     2 ||     2
 Stab: Sleeping          |     2 |     2 ||     4
       Confused          |     1 |       ||     1
Armor: Robe              |     4 |       ||     4
Dodge: Dodged            |    38 |    10 ||    48

Table legend: (Time is in decaauts)
 A = Elapsed time spent in this place.
 B = Non-inter-level travel time spent in this place.
 C = Inter-level travel time spent in this place.
 D = Time resting spent in this place.
 E = Time spent auto-exploring this place.
 F = Levels seen in this place.
 G = Mean time per level.
                   A        B        C        D        E       F      G
               +--------+--------+--------+--------+--------+-----+--------+
         Total |   3042 |   3005 |     37 |    323 |   2354 |   2 | 1521.0 |
       Dungeon |   3042 |   3005 |     37 |    323 |   2354 |   2 | 1521.0 |
               +--------+--------+--------+--------+--------+-----+--------+

Top non-repeatable levels by time:
     D:2: 1852 daAuts
     D:1: 1189 daAuts
